 Dungeon Crawl Stone Soup version 0.14-a0-2644-gcc8e764 (webtiles) character file.

718 Misa the Chopper (level 7, -2/44 HPs)
             Began as a Gargoyle Berserker on Feb 16, 2014.
             Was a Priest of Trog.
             Slain by 4tharraofdagon's ghost (6 damage)
             ... on Level 7 of the Dungeon.
             The game lasted 00:15:50 (3569 turns).

Misa the Chopper (Gargoyle Berserker)               Turns: 3569, Time: 00:15:50

HP  -2/44        AC 10     Str 28      XL: 7   Next: 36%
MP  16/16        EV 10     Int 12      God: Trog [***...]
Gold 136         SH  0     Dex  9      Spells:  0 memorised,  6 levels left

rFire  . . .     SeeInvis .     j - -1,+2 orc war axe
rCold  . . .     Clarity  .     z - +0 orc ring mail
rNeg   + . .     Conserve .     (no shield)
rPois  +         rCorr    .     (no helmet)
rElec  +         rRot     +     (no cloak)
SustAb . .       Spirit   .     (no gloves)
rMut   .         Warding  .     (no boots)
Saprov . . .     Stasis   .     (no amulet)
MR     ++...                    (no ring)
                                J - ring of magical power

@: regenerating, exhausted, mighty, brilliant, flying, slowed, very slow, very
resistant to hostile enchantments, extremely unstealthy
A: life protection 1, electricity resistance, unbreathing, petrification
resistance, AC +4
a: Burn Spellbooks, Berserk, Trog's Hand, Renounce Religion


You were on level 7 of the Dungeon.
You worshipped Trog.
Trog was most pleased with you.
You were hungry.

You visited 1 branch of the dungeon, and saw 5 of its levels.
You also visited: Sewer.

You collected 136 gold pieces.

Inventory:

Hand weapons
 a - a +0,+0 hand axe
 j - a -1,+2 orcish war axe (weapon)
Missiles
 e - 2 darts of frost (quivered)
Armour
 b - a +0 animal skin
 z - a +0 orcish ring mail (worn)
Magical devices
 w - a wand of frost (5)
 B - a wand of disintegration (8) {unknown}
 F - a wand of polymorph (12) {unknown}
Comestibles
 c - 4 bread rations
 l - a slice of pizza
 s - 2 apples
 v - a chunk of bat flesh
 x - a cheese
 A - a chunk of jackal flesh
 I - a pear
 K - a chunk of goblin flesh
Scrolls
 d - 4 scrolls of identify {unknown}
 f - 3 scrolls of remove curse {unknown}
 g - 3 scrolls of amnesia {unknown}
 h - 3 scrolls of noise {unknown}
 u - 2 scrolls of teleportation {unknown}
 y - a scroll of blinking {unknown}
 D - a scroll of enchant armour {unknown}
Jewellery
 J - a ring of magical power (left hand)
Potions
 k - 2 potions of brilliance
 m - a potion of agility {unknown}
 n - a potion of might
 o - a potion of poison {unknown}
 p - a potion of degeneration {unknown}
 q - a potion of curing {unknown}
 r - a potion of magic
 t - a potion of heal wounds {unknown}
 C - a potion of mutation {unknown}
 E - a potion of restore abilities {unknown}
 G - a potion of experience {unknown}
 H - a potion of speed {unknown}


   Skills:
 + Level 5.4 Fighting
 * Level 5.8 Axes
 + Level 4.1 Armour
 - Level 1.5 Dodging


You had 6 spell levels left.
You didn't know any spells.

Dungeon Overview and Level Annotations

Branches:
Dungeon (7/16)
 Temple: D:4-7

Altars:
Yredelemnul

Annotations:
D:4 Grinder
D:7 4tharraofdagon's ghost, experienced CeGl


Innate Abilities, Weirdness & Mutations

You are resistant to torment.
You are immune to poison.
Your stone body is very resilient (AC +4).
You resist negative energy.
You are resistant to electric shocks.
You can survive without breathing.
You are immune to petrification.


Message History

Drink which item? (? for menu, Esc to quit)
You feel clever all of a sudden.
It was a potion of brilliance. 4tharraofdagon's ghost hits you but does no damage.
Drink which item? (? for menu, Esc to quit)
You feel very mighty all of a sudden.
It was a potion of might. 4tharraofdagon's ghost hits you.
* * * LOW HITPOINT WARNING * * *
4tharraofdagon's ghost completely misses you.
Drink which item? (? for menu, Esc to quit)
Magic courses through your body.
It was a potion of magic. 4tharraofdagon's ghost hits you.
* * * LOW HITPOINT WARNING * * *
4tharraofdagon's ghost hits you.
* * * LOW HITPOINT WARNING * * *
Drink which item? (? for menu, Esc to quit)
You feel very buoyant.
You fly up into the air.
It was a potion of flight. 4tharraofdagon's ghost hits you.
You die...

. ... .. .. .#
######.###
#........#
#...p....#
#....@...#
#.............
#........####
#........#
#........#
######.#.#
.#.# .#.# .


You could see 4tharraofdagon's ghost.

Vanquished Creatures
  Edmund (D:4)
  An ogre (D:4)
  The ghost of nago the Sneak, an average NaAr (Sewer)
  A scorpion (D:4)
  2 big fish
  Terence (D:2)
  10 adders
  3 gnolls (D:4)
  A giant mite (D:2)
  An inept item mimic (D:3)
  2 worms
  2 giant geckos
  2 oozes
  3 orcs (D:3)
  6 ball pythons
  A giant cockroach (D:2)
  10 goblins
  6 hobgoblins
  12 jackals
  A quokka (D:2)
  9 bats
  5 giant newts
  A goblin skeleton (D:4)
  10 kobolds
  5 rats
  2 plants (Sewer)
99 creatures vanquished.

Notes
Turn   | Place    | Note
--------------------------------------------------------------
     0 | D:1      | Misa, the Gargoyle Berserker, began the quest for the Orb.
     0 | D:1      | Reached XP level 1. HP: 14/14 MP: 1/1
   148 | D:1      | Reached XP level 2. HP: 9/19 MP: 2/2
   462 | D:1      | Acquired Trog's second power
   583 | D:2      | Reached XP level 3. HP: 22/24 MP: 3/3
   614 | D:2      | Reached skill level 4 in Fighting
   866 | D:2      | Reached XP level 4. HP: 22/29 MP: 4/4
  1118 | D:2      | Noticed Terence
  1124 | D:2      | Killed Terence
  1512 | D:2      | Found a basalt altar of Yredelemnul.
  1597 | D:3      | Found a glowing drain.
  1622 | D:3      | Reached XP level 5. HP: 5/34 MP: 5/5
  1640 | Sewer    | Entered a sewer
  1845 | Sewer    | Noticed nago's ghost (average NaAr)
  1856 | Sewer    | Killed nago's ghost
  2256 | Sewer    | Reached XP level 6. HP: 24/40 MP: 6/6
  2695 | D:3      | Reached skill level 5 in Axes
  3252 | D:4      | Noticed Edmund
  3262 | D:4      | Killed Edmund
  3262 | D:4      | Reached skill level 5 in Fighting
  3262 | D:4      | Reached XP level 7. HP: 31/44 MP: 7/7
  3551 | D:4      | Noticed Grinder
  3562 | D:4      | You fall through a shaft!
  3562 | D:7      | Noticed 4tharraofdagon's ghost (experienced CeGl)
  3568 | D:7      | HP: 2/44 [4tharraofdagon's ghost (2)]
  3569 | D:7      | Slain by 4tharraofdagon's ghost

Action                   |  1- 3 |  4- 6 |  7- 9 || total
-------------------------+-------+-------+-------++-------
Melee: Hand axe          |    91 |       |       ||    91
       War axe           |       |   222 |    44 ||   266
Invok: Berserk           |       |     4 |     2 ||     6
       Trog's Hand       |       |       |     1 ||     1
  Use: Potion            |       |       |     4 ||     4
